 Dungeon Crawl Stone Soup version 0.19-a0-32-gbfd796a (webtiles) character file.

1535 Mefis the Sneak (level 8, -2/36 HPs)
             Began as a Deep Elf Wizard on May 2, 2016.
             Was a Follower of Sif Muna.
             Slain by a killer bee (5 damage)
             ... on level 7 of the Dungeon.
             The game lasted 00:40:15 (8105 turns).

Mefis the Sneak (Deep Elf Wizard)                   Turns: 8105, Time: 00:40:15

Health: -2/36      AC:  6    Str:  5    XL:     8   Next: 55%
Magic:  1/19       EV: 19    Int: 27    God:    Sif Muna [*.....]
Gold:   289        SH:  0    Dex: 14    Spells: 7 memorised, 2 levels left

rFire  . . .     SeeInvis .     J - +2 quarterstaff (chaos)
rCold  . . .     Gourm    .     a - +0 robe
rNeg   + . .     Faith    .     (shield currently unavailable)
rPois  .         Spirit   .     y - +0 helmet
rElec  .         Dismiss  .     K - +0 cloak
rCorr  .         Reflect  .     (no gloves)
SustAt .         Harm     .     M - +0 pair of boots
MR     +....                    P - amulet of rage
Stlth  +++.......               O - ring of the Octopus King {rN+ AC+1 EV+1 Str+1 Int+1 Dex+1}
                                r - +3 ring of evasion

@: repel missiles, somewhat resistant to hostile enchantments, fairly stealthy
A: frail 1, magic resistance 1, regeneration 1
a: Channel Energy, Renounce Religion, Evoke Berserk Rage


You were on level 7 of the Dungeon.
You worshipped Sif Muna.
Sif Muna was aware of your devotion.
You were hungry.

You visited 2 branches of the dungeon, and saw 8 of its levels.

You collected 289 gold pieces.

Inventory:

Hand Weapons
 z - a +0 hunting sling
 J - a +2 quarterstaff of chaos (weapon)
 R - a +0 shortbow
Missiles
 q - 18 poisoned needles
 A - 162 stones (quivered)
 B - 15 arrows
Armour
 a - a +0 robe (worn)
 b - a +0 hat
 y - a +0 helmet (worn)
 K - a +0 cloak (worn)
 M - a +0 pair of boots (worn)
Jewellery
 r - a +3 ring of evasion (left hand)
 C - an uncursed ring of protection from magic
 O - a ring of the Octopus King (right hand) {rN+ AC+1 EV+1 Str+1 Int+1 Dex+1}
   (You found it on level 7 of the Dungeon)

   [ring of positive energy]

   It affects your AC (+1).
   It affects your evasion (+1).
   It affects your strength (+1).
   It affects your intelligence (+1).
   It affects your dexterity (+1).
   It protects you from negative energy.
 P - an amulet of rage (around neck)
 Q - an uncursed ring of flight
Wands
 x - a wand of slowing (13/48)
Scrolls
 h - 4 scrolls of immolation {unknown}
 i - a scroll of identify
 l - 3 scrolls of random uselessness {unknown}
 m - 2 scrolls of remove curse {unknown}
 n - 2 scrolls of enchant armour {unknown}
 o - a scroll of noise {unknown}
 v - 3 scrolls of fog {unknown}
 D - a scroll of enchant weapon {unknown}
 G - a scroll of recharging
 N - a scroll of teleportation {unknown}
Potions
 e - a potion of curing
 g - a potion of agility {unknown}
 j - 3 potions of cure mutation {unknown}
 k - 6 potions of lignification {unknown}
 s - 5 potions of heal wounds {unknown}
 u - 3 potions of flight {unknown}
 E - a potion of magic {unknown}
 F - 2 potions of resistance {unknown}
 H - a potion of experience {unknown}
 L - a potion of degeneration
 S - a potion of cancellation {unknown}
Books
 c - a book of Minor Magic

   Spells                             Type                      Level
   a - Magic Dart                     Conjuration                  1
   b - Blink                          Translocation                2
   c - Call Imp                       Summoning                    2
   d - Repel Missiles                 Charms/Air                   2
   e - Slow                           Hexes                        2
   f - Conjure Flame                  Conjuration/Fire             3
   g - Mephitic Cloud                 Conjuration/Poison/Air       3
 I - a book of Transfigurations

   Spells                             Type                      Level
   a - Irradiate                      Conjuration/Transmutation    5
   b - Statue Form                    Transmutation/Earth          6
   c - Hydra Form                     Transmutation                6
   d - Dragon Form                    Transmutation                7
Comestibles
 d - 4 bread rations
 p - 4 meat rations
 t - a slice of pizza
 w - 3 fruits


   Skills:
 + Level 6.2 Dodging
 + Level 6.7 Stealth
 + Level 6.5 Spellcasting
 + Level 3.9 Conjurations
 + Level 2.4 Charms
 + Level 3.7 Summonings
 + Level 2.1 Translocations
 * Level 2.2 Transmutations
 + Level 1.2 Fire Magic
 + Level 3.4 Poison Magic
 + Level 1.5 Invocations


You had 2 spell levels left.
You knew the following spells:

 Your Spells              Type           Power        Failure   Level  Hunger
a - Magic Dart            Conj           ####         1%          1    None
b - Call Imp              Summ           ####....     1%          2    None
c - Blink                 Tloc           N/A          4%          2    None
d - Repel Missiles        Chrm/Air       ###...       8%          2    None
e - Mephitic Cloud        Conj/Pois/Air  ###.....     10%         3    None
f - Conjure Flame         Conj/Fire      ###.....     10%         3    None
g - Irradiate             Conj/Trmt      ####......   54%         5    #####..


Dungeon Overview and Level Annotations

Branches:
Dungeon (7/15)             Temple (1/1) D:5

Altars:
Cheibriados
Dithmenos
Elyvilon
Fedhas
Gozag
Kikubaaqudgha
Makhleb
Nemelex Xobeh
Okawaru
Qazlal
Sif Muna
Trog
Vehumet
Yredelemnul
Zin

Shops:
D:4 [


Innate Abilities, Weirdness & Mutations

You are frail (-10% HP).
You are resistant to hostile enchantments.
Your natural rate of healing is unusually fast.


Message History

You can't drink that!
Drink which item? (? for menu, Esc to quit)
You feel better. The killer bee closely misses you. x2
The killer bee misses you.
Your crimson imp blinks!
The killer bee stings you. The killer bee closely misses you.
Your crimson imp blinks!
The killer bee stings you.
* * * LOW HITPOINT WARNING * * *
The killer bee stings you!
* * * LOW HITPOINT WARNING * * *
Read which item? (? for menu, Esc to quit)
As you read the scroll labeled ENNU SI ZYSOG, it crumbles to dust.
It is a scroll of amnesia.
Forget which spell ([?*] list [ESC] exit)?
Forget which spell ([?*] list [ESC] exit)?
Okay, then.
The killer bee barely misses you. x2; The killer bee misses you.
The killer bee stings you.
You die...

#.......###### ###.##
+............ ......
##..........####.......
.......................
...................... #.......#
###### ########.......# ......
#..............# #####.
#........@###### #.
#.......yy###############.
#....)..................#.
#......5..[.............#.
#.......................#.
#............†.........##.
########......................##.
#.........######.######..........
......5..## ##.≈#.###...(.....


You could see 2 killer bees and a friendly crimson imp.

Vanquished Creatures
  Grinder (D:4)
  An ice beast (D:7)
  A sky beast (D:5)
  An orc warrior (D:6)
  2 ogres
  A giant frog (D:5)
  A scorpion (D:5)
  A killer bee (D:7)
  3 crimson imps
  4 hounds
  3 jellies
  Crazy Yiuf (D:4)
  Natasha (D:3)
  2 orc wizards
  5 worker ants
  5 gnolls
  6 adders
  3 shadow imps
  An ooze (D:5)
  An adder skeleton (D:4)
  A dart slug (D:1)
  2 giant geckos
  6 orcs
  4 bats
  5 giant cockroaches
  10 goblins
  5 hobgoblins
  6 jackals
  4 quokkas
  A ball python (D:1)
  4 giant newts
  6 kobolds
  A quokka zombie (D:6)
  6 rats
  A fungus (D:4)
106 creatures vanquished.

Vanquished Creatures (collateral kills)
  A gnoll sergeant (D:6)
  A worker ant (D:4)
  Robin (D:2)
  A gnoll (D:2)
  A shadow imp (D:6)
  A worm (D:3)
  A dart slug (D:1)
  2 orcs (D:6)
  3 goblins (D:2)
  4 hobgoblins (D:2)
16 creatures vanquished.

Grand Total: 122 creatures vanquished

Notes
Turn   | Place    | Note
--------------------------------------------------------------
     0 | D:1      | Mefis the Deep Elf Wizard began the quest for the Orb.
     0 | D:1      | Reached XP level 1. HP: 10/10 MP: 7/7
     6 | D:1      | Noticed a polar bear
     6 | D:1      | Noticed a salamander
     7 | D:1      | Noticed a komodo dragon
     7 | D:1      | Noticed a swamp drake
   730 | D:1      | Reached XP level 2. HP: 15/15 MP: 7/9
   734 | D:1      | Learned a level 2 spell: Call Imp
   737 | D:1      | Learned a level 2 spell: Blink
   740 | D:1      | Learned a level 2 spell: Repel Missiles
   804 | D:1      | Reached skill level 5 in Spellcasting
  1219 | D:2      | Reached XP level 3. HP: 18/19 MP: 7/11
  1224 | D:2      | Learned a level 3 spell: Mephitic Cloud
  1308 | D:2      | Found a white marble altar of Elyvilon.
  1551 | D:2      | Noticed Robin
  1734 | D:2      | Killed Robin
  2315 | D:2      | Reached XP level 4. HP: 24/24 MP: 3/13
  2396 | D:2      | Learned a level 3 spell: Conjure Flame
  2877 | D:3      | Found an iron altar of Okawaru.
  3368 | D:4      | Noticed Natasha
  3368 | D:4      | Reached skill level 1 in Poison Magic
  3368 | D:4      | Reached XP level 5. HP: 26/28 MP: 7/14
  3372 | D:4      | Noticed Grinder
  3571 | D:4      | Killed Grinder
  3571 | D:4      | Reached XP level 6. HP: 31/32 MP: 0/16
  3943 | D:3      | Killed Natasha
  4277 | D:4      | Found Ahim's Antique Armour Shoppe.
  4387 | D:4      | Reached skill level 5 in Dodging
  4387 | D:4      | Reached skill level 5 in Stealth
  4789 | D:4      | Noticed Crazy Yiuf
  4799 | D:4      | Killed Crazy Yiuf
  4914 | D:5      | Entered Level 5 of the Dungeon
  4945 | D:5      | Reached XP level 7. HP: 36/36 MP: 13/17
  5723 | D:5      | Gained mutation: You are resistant to hostile enchantments. [mutagenic meat]
  5724 | D:5      | Gained mutation: You are frail (-10% HP). [mutagenic meat]
  5725 | D:5      | Gained mutation: Your natural rate of healing is unusually fast. [mutagenic meat]
  6034 | D:5      | Found a staircase to the Ecumenical Temple.
  6047 | Temple   | Entered the Ecumenical Temple
  6103 | Temple   | Became a worshipper of Sif Muna the Loreminder
  6113 | Temple   | Learned a level 5 spell: Irradiate
  6618 | D:6      | Reached XP level 8. HP: 36/36 MP: 12/19
  6790 | D:6      | Reached skill level 1 in Charms
  7073 | D:6      | Reached skill level 1 in Transmutations
  7106 | D:6      | Reached skill level 1 in Invocations
  7299 | D:6      | Reached skill level 1 in Fire Magic
  7749 | D:6      | Reached * piety under Sif Muna
  7884 | D:7      | Got a ring of the Octopus King
  7886 | D:7      | Identified a ring of the Octopus King {rN+ AC+1 EV+1 Str+1 Int+1 Dex+1} (You found it on level 7 of the Dungeon)
  8105 | D:7      | Slain by a killer bee

Vault maps used:
D:1:      onia_arrival_zoo_common
D:2:      elyvilon_altar_3, hangedman_decor_growths, hangedman_decor_riveting,
          uniq_robin
D:3:      okawaru_trees_1, first_bread
D:4:      serial_shops, shop, uniq_grinder, uniq_natasha,
          uniq_crazy_yiuf_cottage
D:5:      minmay_temple_entry_grid
D:7:      tgw_xom
Temple:   nicolae_temple_god_jail

Skill      XL: |  1  2  3  4  5  6  7  8 |
---------------+-------------------------+-----
Spellcasting   | 5 6 |  6.5
Dodging        | 3 4 5 6 |  6.2
Stealth        | 3 4 5 6 |  6.7
Conjurations   | 2 3 |  3.9
Poison Magic   | 1 2 3 |  3.4
Summonings     | 2 3 |  3.7
Charms         | 2 |  2.4
Transmutations | 2 |  2.2
Invocations    | 1 |  1.5
Fire Magic     | 1 |  1.2
Translocations | 2 |  2.1

Action                   |  1- 3 |  4- 6 |  7- 9 || total
-------------------------+-------+-------+-------++-------
Melee: Unarmed           |     6 |    30 |       ||    36
 Cast: Magic Dart        |    80 |   104 |   224 ||   408
       Call Imp          |     8 |     9 |    17 ||    34
       Repel Missiles    |     1 |       |       ||     1
       Mephitic Cloud    |     1 |     6 |    12 ||    19
       Conjure Flame     |       |     1 |     9 ||    10
       Blink             |       |       |     4 ||     4
Invok: Channel Energy    |       |       |     4 ||     4
  Use: Scroll            |       |       |     4 ||     4
       Potion            |       |       |     3 ||     3
  Eat: Chunk             |     4 |     8 |    11 ||    23
       Pizza             |       |       |     1 ||     1
Armor: Robe              |     3 |       |    13 ||    16
Dodge: Dodged            |    24 |    19 |   106 ||   149
       Deflected         |     1 |       |     2 ||     3
